 Dungeon Crawl Stone Soup version 0.31-a0-1165-g196b491b36 (webtiles) character file.

Game seed: 3451000582418582671

117 CowFu the Poker (level 5, -6/41 HPs)
             Began as a Human Fighter on Dec 9, 2023.
             Mangled by an ogre
             ... wielding a +0 giant spiked club
              (13 damage)
             ... on level 3 of the Dungeon.
             The game lasted 00:02:37 (2360 turns).

CowFu the Poker (Human Fighter)                     Turns: 2360, Time: 00:02:38

Health: -6/41      AC: 12    Str: 18    XL:     5   Next: 22%
Magic:  5/5        EV:  7    Int:  9    God:
Gold:   184        SH:  4    Dex: 12    Spells: 4/4 levels left

rFire   . . .        a - +0 trident
rCold   . . .        c - +0 buckler
rNeg    . . .        f - +0 chain mail
rPois   .            (no helmet)
rElec   .            (no cloak)
rCorr   .            (no gloves)
SInv    .            l - +2 pair of boots
Will    .....        g - amulet of regeneration Stlth
                     (no ring)
HPRegen 1.06/turn    (no ring)
MPRegen 0.09/turn

%: no passive effects
@: no status effects
A: no striking features
a: no special abilities


You were on level 3 of the Dungeon.
You visited 1 branch of the dungeon, and saw 3 of its levels.

You collected 184 gold pieces.

Inventory:

Hand Weapons
 a - a +0 trident (weapon)
Armour
 c - a +0 buckler (worn)
 f - a +0 chain mail (worn)
 l - a +2 pair of boots (worn)
Jewellery
 g - an amulet of regeneration (around neck)
Scrolls
 b - 5 scrolls of identify
 e - a scroll of fog {unknown}
 i - a scroll of summoning {unknown}
 o - a scroll of silence {unknown}
 p - a scroll of enchant weapon {unknown}
 q - a scroll of fear {unknown}
Potions
 d - 2 potions of might
 h - a potion of berserk rage
 j - a potion of enlightenment
 k - a potion of ambrosia {unknown}
 m - a potion of invisibility {unknown}
 n - a potion of magic {unknown}
 r - 2 potions of heal wounds {unknown}
 s - a potion of mutation {unknown}


   Skills:
 - Level 3.0 Fighting
 + Level 5.0 Polearms
 - Level 3.0 Armour
 - Level 3.0 Shields


You had 4 spell levels left.
You didn't know any spells.
Your spell library contained the following spells:

 Spells                   Type           Power      Damage    Failure   Level
 Magic Dart               Conj           0%         1d3       99%         1
 Sandblast                Erth           0%         2d4       99%         1
 Summon Small Mammal      Summ           0%         N/A       99%         1


Dungeon Overview and Level Annotations

Branches:
Dungeon (3/15)

Altars:

Shops:
D:2 (


Message History

No target in view!
No target in view!
No target in view!
No target in view!
No target in view!
No target in view! 2 orcs come into view.
The orc shouts! x2
The orc moves out of view.
An orc is nearby!
An orc is nearby!
An orc is nearby!
An orc is nearby!
An orc is nearby!
No reachable target in view!
No reachable target in view!
An orc priest, an orc and an ogre come into view.
The orc is wielding a +0 dagger of speed.
Found a tourmaline ring.
Found an escape hatch in the floor.
The orc priest shouts!
The orc shouts!
An orc comes into view. It is wielding a +0 whip.
The orc shouts!
A giant cockroach comes into view.
You reach to attack!
You hit the ogre.
The ogre is lightly wounded.
You barely miss the ogre.
The ogre is lightly wounded.
The ogre hits you with a +0 giant spiked club!
You hit the ogre.
The ogre is lightly wounded.
The ogre hits you with a +0 giant spiked club!!
Ouch! That really hurt!
* * * LOW HITPOINT WARNING * * *
You are too injured to fight recklessly!
You are too injured to fight recklessly!
You are too injured to fight recklessly!
You hit the ogre.
The ogre is moderately wounded.
The ogre hits you with a +0 giant spiked club!
You die...

....... ...... #
#....# #.=
#....#### #>..
#........
#...##.....# ###
#...:.B...# #...
#....O@...##.o~.
#...##....#.....
## #....#oo...
#....#o....
#....# ..~.
##...## ... .
#.#..#########.
#.##........... #
#.###..........##


You could see an ogre, an orc priest, 2 orcs and a giant cockroach.

Vanquished Creatures
  3 adders (D:2)
  4 worms
  4 dart slugs
  4 orcs (D:3)
  3 endoplasms
  3 giant cockroaches
  9 goblins
  8 hobgoblins
  2 quokkas (D:1)
  8 ball pythons
  3 bats
  4 frilled lizards
  6 kobolds
  5 rats (D:1)
66 creatures vanquished.

Notes
Turn   | Place    | Note
-------+----------+-------------------------------------------
     0 | D:1      | CowFu the Human Fighter began the quest for the Orb.
     0 | D:1      | Reached XP level 1. HP: 18/18 MP: 1/1
   112 | D:1      | Reached XP level 2. HP: 19/24 MP: 2/2
   257 | D:1      | Reached skill level 3 in Polearms
   448 | D:1      | Reached XP level 3. HP: 29/29 MP: 3/3
   449 | D:1      | Found a faded altar of an unknown god.
  1263 | D:2      | Reached skill level 4 in Polearms
  1263 | D:2      | Reached XP level 4. HP: 35/35 MP: 4/4
  1303 | D:2      | Got Nicomoef's Tutorial on Wizardry
  1850 | D:2      | Found Baesehosi's Weapon Shop.
  2194 | D:3      | Reached XP level 5. HP: 41/41 MP: 5/5
  2198 | D:3      | Noticed an ogre
  2282 | D:3      | Reached skill level 5 in Polearms
  2353 | D:3      | Noticed an ogre
  2360 | D:3      | Mangled by an ogre

Illustrated notes

Levels and vault maps discovered:
D:1:      matt_arrival_spirals, layout_loops_corners,
          dreamdust_ecumenical_altar_statues, minmay_heptomino_d4
D:2:      minmay_spotlight, layout_basic, serial_bayou, serial_bayou_lake_a,
          serial_bayou_shore_a, serial_bayou_lagoon_b, serial_bayou_crossing,
          serial_shops, shop
D:3:      cheibrodos_pilgrimage, layout_rooms, st_stairs_11

Skill      XL: |  1  2  3  4  5 |
---------------+----------------+-----
Polearms       | 3 4 5 |  5.0
Fighting       | |  3.0
Armour         | |  3.0
Shields        | |  3.0

Action                     |  1- 3 |  4- 6 || total
---------------------------+-------+-------++-------
  Melee: Trident           |   123 |   131 ||   254
    Use: Scroll            |       |     2 ||     2
 Armour: Scale mail        |    10 |       ||    10
         Chain mail        |    56 |   112 ||   168
  Dodge: Dodged            |    25 |    51 ||    76
  Block: Buckler           |    31 |    34 ||    65

Table legend: (Time is in decaauts)
 A = Elapsed time spent in this place.
 B = Non-inter-level travel time spent in this place.
 C = Inter-level travel time spent in this place.
 D = Time resting spent in this place.
 E = Time spent auto-exploring this place.
 F = Levels seen in this place.
 G = Mean time per level.
                   A        B        C        D        E       F      G
               +--------+--------+--------+--------+--------+-----+--------+
         Total |   2464 |   2390 |     74 |      0 |   1844 |   3 |  821.3 |
       Dungeon |   2464 |   2390 |     74 |      0 |   1844 |   3 |  821.3 |
               +--------+--------+--------+--------+--------+-----+--------+

Top non-repeatable levels by time:
     D:1: 1200 daAuts
     D:2: 1139 daAuts
     D:3: 124 daAuts
